 Dungeon Crawl Stone Soup version 0.14-a0-1844-g8283a67 (webtiles) character file.

1512427 Sphara the Slayer (level 27, 192/192 HPs)
             Began as a Kobold Hunter on Jan 5, 2014.
             Was the Champion of Okawaru.
             Escaped with the Orb
             ... and 3 runes on Jan 12, 2014!
             The game lasted 20:52:52 (94189 turns).

Sphara the Slayer (Kobold Hunter)                  Turns: 94189, Time: 20:52:52

HP 192/192       AC 28     Str 21      XL: 27
MP  33/38        EV 39     Int 15 (16) God: Okawaru [******]
Gold 1683        SH  0     Dex 21      Spells: 14 memorised,  5 levels left

rFire  + + .     SeeInvis +     K - +8,+7 crossbow (velocity)
rCold  + . .     Clarity  .     e - +6 mottled dragon armour of Indomitability {rF+}
rNeg   + . .     Conserve .     (no shield)
rPois  .         rCorr    .     g - +3 crown of Dyrovepreva {Hunger rElec Int+2 SInv}
rElec  +         rRot     .     Z - +0 cloak {MR+}
SustAb . .       Spirit   .     v - +2 pair of elf gloves {Str+3}
rMut   .         Warding  +     k - +2 pair of boots of the Eight Boll Weevils {rF+ Int+4 Dam+4}
Saprov + + .     Stasis   .     P - macabre finger necklace {Ward}
                                q - ring of protection from cold
                                y - +4 ring of evasion
                                S - ring "Thradoal" {MR Stlth}

@: very slightly contaminated, extraordinarily resistant to hostile
enchantments, quite stealthy
A: disease resistance, blurry vision 1, carnivore 3, saprovore 2, screaming 1
a: Heroism, Finesse, Renounce Religion
0: Orb of Zot
}: 3/15 runes: decaying, serpentine, silver


You escaped.
You worshipped Okawaru.
Okawaru was exalted by your worship.
You were not hungry.

You visited 11 branches of the dungeon, and saw 59 of its levels.
You also visited: Ice Cave and Wizlab.

You collected 7931 gold pieces.
You spent 6248 gold pieces at shops.

Inventory:

Hand weapons
 A - a +6,+4 quick blade
 K - a +8,+7 crossbow of velocity (weapon)
Missiles
 c - 24 bolts
 f - 28 bolts of frost (quivered)
 o - 46 steel bolts
 I - 56 bolts of penetration
 R - 6 poisoned bolts
 V - 77 silver bolts
 X - 28 bolts of flame
Armour
 e - the +6 mottled dragon armour of Indomitability (worn) {rF+}
   (Okawaru gifted it to you on level 5 of the Realm of Zot)

   It protects you from fire.
 g - the +3 crown of Dyrovepreva (worn) {Hunger rElec Int+2 SInv}
   (You bought it in a shop on level 15 of the Dungeon)

   It affects your intelligence (+2).
   It insulates you from electricity.
   It enhances your eyesight.
   It speeds your metabolism.
 k - the +2 pair of boots of the Eight Boll Weevils (worn) {rF+ Int+4 Dam+4}
   (Okawaru gifted it to you on level 1 of the Realm of Zot)

   It affects your intelligence (+4).
   It affects your damage-dealing abilities (+4).
   It protects you from fire.
 v - a +2 pair of elven gloves of strength (worn)
 Z - a +0 cloak of magic resistance (worn)
Magical devices
 a - a wand of fire (4)
 h - a wand of heal wounds (7)
 l - a wand of teleportation (7)
 t - a wand of invisibility (0)
 x - a wand of teleportation (5)
 C - a wand of fire (8)
 O - a wand of digging (7)
Comestibles
 p - a meat ration
Scrolls
 m - 3 scrolls of teleportation
 n - 2 scrolls of immolation
 B - 4 scrolls of fog
 F - 3 scrolls of holy word
 T - 3 scrolls of fear
 U - 4 scrolls of silence
 W - 4 scrolls of remove curse
Jewellery
 d - an uncursed ring of positive energy
 q - a ring of protection from cold (right hand)
 w - an uncursed ring of teleportation
 y - a +4 ring of evasion (left hand)
 E - an uncursed ring of protection from fire
 L - an uncursed ring of sustain abilities
 P - the macabre finger necklace (around neck) {Ward}
   (You took it off a fire giant on level 5 of the Depths)

   [amulet of warding]
 Q - an uncursed amulet of conservation
 S - the ring "Thradoal" (on amulet) {MR Stlth}
   (You found it on level 3 of the Realm of Zot)

   [ring of protection from magic]

   It makes you more stealthy.
Potions
 i - 6 potions of curing
 r - 2 potions of magic
 u - a potion of brilliance
 z - 4 potions of heal wounds
 D - a potion of resistance
 M - a potion of restore abilities
 Y - 3 potions of might
Rods
 H - a +4 rod of frigid destruction (11/11)
   (You took it off a vault guard on level 5 of the Vaults)
 N - a +5 rod of venom (13/13)
   (You found it in a wizard's laboratory)


   Skills:
 + Level 24.5 Fighting
 - Level 12.0 Short Blades
 - Level 20.5 Crossbows
 + Level 16.0 Armour
 - Level 21.8 Dodging
 - Level 19.7 Stealth
 - Level 9.0 Spellcasting
 - Level 6.8 Hexes
 - Level 12.5 Charms
 - Level 5.1 Summonings
 - Level 11.2 Necromancy
 - Level 6.5 Translocations
 - Level 5.8 Transmutations
 - Level 12.7 Earth Magic
 - Level 5.0 Invocations
 - Level 9.0 Evocations


You had 5 spell levels left.
You knew the following spells:

 Your Spells              Type           Power        Failure   Level  Hunger
a - Stoneskin             Trmt/Erth      ####......   1%          2    None
b - Dispel Undead         Necr           #####...     3%          5    #####..
c - Haste                 Chrm           #####...     12%         6    ######.
d - Cure Poison           Pois           #.........   17%         2    None
e - Passwall              Trmt/Erth      ####......   1%          3    ##.....
f - Portal Projectile     Tloc           ####..       1%          2    None
g - Apportation           Tloc           ####......   1%          1    None
h - Swiftness             Chrm/Air       ####....     1%          2    None
i - Regeneration          Chrm/Necr      #####.....   1%          3    ##.....
j - Spectral Weapon       Hex/Chrm       #####...     1%          3    ##.....
l - Blink                 Tloc           N/A          1%          2    None
m - Summon Butterflies    Summ           ###.....     1%          1    None
n - Control Teleport      Chrm/Tloc      #####.....   2%          4    ###....
o - Flight                Chrm/Air       ####......   2%          3    ##.....


Dungeon Overview and Level Annotations

Branches:
Dungeon (16/16)            Temple (1/1) D:5             Orc (4/4) D:10
    Elf (3/3) Orc:4          Lair (8/8) D:8           Swamp (5/5) Lair:5
  Snake (5/5) Lair:6        Slime (0/6) Lair:8       Vaults (5/5) D:14
  Blade (1/1) Vaults:3        Zot (5/5) Depths:6     Forest (0/5) Vaults:2
 Depths (6/6) D:16

Altars:
Ashenzari
Cheibriados
Fedhas
Kikubaaqudgha
Makhleb
Nemelex Xobeh
Okawaru
Sif Muna
Trog
Vehumet
Xom
Yredelemnul
Zin
the Shining One
Beogh
Jiyva

Shops:
D:4 /   D:9 =[[   D:14 %   D:15 ?[   Orc:1 %   Orc:4 [}[!   Elf:1 :   Elf:2 ?
Elf:3 :   Snake:1 ?   Depths:1 (

Portals:
Hell: Depths:1 Depths:2 Depths:3 Depths:5 Depths:6
Abyss: Depths:3 Depths:4 Depths:6
Pandemonium: Depths:2 Depths:3
Ziggurat: Depths:4

Annotations:
D:2 exclusion: downstairs
D:3 exclusion: orc warrior
D:5 DIGGING
Orc:1 exclusion: downstairs
Lair:1 exclusion: downstairs
Swamp:2 exclusion: 2 downstairs
Swamp:3 !AIZUL
Swamp:4 exclusion: Roxanne, Roxanne
Snake:2 exclusion: ice statue
Snake:3 exclusion: 2 downstairs
Snake:4 exclusion: downstairs
Vaults:2 exclusion: downstairs, Mennas
Vaults:3 exclusion: door
Zot:1 exclusion: downstairs
Depths:3 exclusion: door
Depths:4 1 exclusion


Innate Abilities, Weirdness & Mutations

You recuperate from illness quickly.
You are small and have problems with some larger weapons.
You are carnivorous and can eat meat at any time.
You can eat rotten meat.
Your vision is a little blurry.
You occasionally shout uncontrollably.


Message History

The quasit closely misses your butterfly.
The quasit claws your butterfly.
There is a stone staircase leading up here.
The orange demon misses your butterfly. The orange demon hits your butterfly!
Your butterfly dies!
Your body shudders with the violent release of wild energies!
Your vision blurs.
You feel less contaminated with magical energies.
You climb upwards.
Your summoned ally is left behind.
You sense a powerful magical force warping space.
There is a stone staircase leading down here.
You are no longer glowing.
A giant gecko comes into view.
Your extra speed is starting to run out.
A shout rips itself from your throat!
You feel yourself slow down. The giant gecko completely misses you.
There is a staircase leading out of the dungeon here.
The giant gecko misses you.
You have escaped!

#####.###..###....###.#
...........###.##.....#
#####.###..#......######
# #.# #..............# #
##.# #..#.......#...#
####.#.##.###.....###..#
....###%...#.......#...#
## ####.#
##..............# #. #..
#......#@......# #.
.........###l.....#####
#. ###.....>#...........#
#. .............####.# #.
#..#.......#..####.#####.
#####.
#.###.....###.##......##.
......#
#..#.......#..##.#.##.###
######
#..............#.#.##.#
####..#.###.###..#.##.###


You could see a giant gecko.

Vanquished Creatures
  6 orbs of fire
  An ancient lich (Zot:5)
  Boris (Depths:3)
  Margery (Depths:4)
  A removed MONS_LAMIA (Snake:4)
  A Killer Klown (Zot:5)
  Mara (Snake:5)
  2 curse toes (Zot:4)
  3 electric golems
  13 bone dragons
  19 golden dragons
  An illusory Mara (Snake:5)
  Frederick (Vaults:3)
  2 liches
  22 tentacled monstrosities
  An acid blob (Depths:2)
  21 Orb Guardians
  4 titans
  A deep elf blademaster (Elf:3)
  2 deep elf master archers (Elf:3)
  The ghost of mathso the Shatterer, a mighty OgHu of Okawaru (Depths:1)
  A thorn hunter (WizLab)
  Rupert (Snake:5)
  Agnes (Snake:2)
  18 storm dragons
  7 tengu reavers
  Frances (Snake:2)
  11 shadow dragons
  7 draconian monks
  The ghost of mathso the Fencer, a mighty HEGl of Okawaru (Depths:1)
  11 fire giants
  6 deep elf sorcerers
  Donald (Snake:2)
  An iron dragon (Zot:3)
  7 ghost moths
  Wiglaf (Elf:2)
  5 draconian scorchers
  10 vault wardens
  Aizul (Swamp:3)
  Louise (Snake:2)
  14 frost giants
  4 draconian knights
  7 draconian zealots
  11 draconian annihilators
  Jorgrun (Swamp:2)
  6 greater nagas
  2 draconian shifters
  45 stone giants
  9 green draconians
  The ghost of Deemzul the Severer, a powerful OpFi of Okawaru (Depths:1)
  7 draconian callers
  A vampire knight (Depths:6)
  3 grey draconians
  5 deep elf demonologists
  2 blizzard demons (IceCv)
  12 white draconians
  8 mottled draconians
  6 pale draconians
  5 red draconians
  A green death (D:4)
  9 deep elf annihilators
  10 purple draconians
  10 yellow draconians
  A lorocyproca (Zot:1)
  16 ettins
  16 black draconians
  A satyr (WizLab)
  Snorg (Elf:3)
  6 deep elf death magi
  A minotaur (Depths:1)
  30 vault guards
  16 fire dragons
  5 deep elf high priests
  9 ironheart preservers
  8 great orbs of eyes
  35 yaktaur captains
  Fannar (D:12)
  29 hydras
  17 ice dragons
  Nessos (D:15)
  8 death cobs
  3 rakshasas
  5 large abominations
  19 deep troll earth magi
  5 anacondas
  15 ogre magi
  2 ravenous feature mimics
  6 death yaks
  5 alligators
  16 deep troll shamans
  4 tengu warriors
  25 centaur warriors
  33 naga warriors
  Urug (D:16)
  16 very ugly things
  13 dancing weapons
  4 fire crabs
  Nergalle (Orc:3)
  A fire crab (shapeshifter) (Depths:2)
  16 deep elf knights
  8 iron trolls
  A deep troll (shapeshifter) (Depths:6)
  9 sea snakes (Snake:5)
  6 hell knights
  5 skeletal warriors (Vaults:2)
  39 deep trolls
  Erolcha (D:8)
  11 swamp dragons
  An unseen horror (Vaults:1)
  11 hill giants
  5 ice devils (IceCv)
  A giant orange brain (shapeshifter) (Depths:4)
  2 giant orange brains
  A shadow demon (Depths:2)
  6 fauns
  A lindwurm (shapeshifter) (Depths:6)
  A flayed ghost (Vaults:1)
  10 ironbrand convokers
  10 deep elf conjurers
  A lindwurm (Lair:6)
  A wizard (Depths:4)
  A giant amoeba (shapeshifter) (Depths:1)
  6 giant amoebae
  A hill giant (shapeshifter) (Vaults:5)
  16 orc knights
  2 phantasmal warriors (Vaults:5)
  6 red wasps
  3 orc sorcerers
  25 moths of wrath
  4 spiny worms
  A draconian zombie (Zot:5)
  A wolf spider (shapeshifter) (Vaults:5)
  3 necromancers
  8 harpies
  8 wolf spiders
  A moth of wrath (shapeshifter) (Vaults:5)
  A stone giant zombie (Vaults:2)
  A fire giant zombie (Depths:3)
  5 cyclopes
  5 griffons
  9 vault sentinels
  62 black mambas
  7 deep elf summoners
  2 stone giant skeletons (Vaults:2)
  A frost giant skeleton (Vaults:2)
  An elephant (shapeshifter) (Vaults:5)
  A spiny worm (shapeshifter) (Depths:1)
  3 elephants (Lair:8)
  11 guardian serpents
  18 spiny frogs
  A guardian serpent (shapeshifter) (D:14)
  An item mimic (Elf:3)
  A storm dragon simulacrum (Vaults:3)
  A vapour (Swamp:2)
  Psyche (Orc:2)
  66 yaktaurs
  4 fire drakes
  22 naga magi
  An elf (shapeshifter) (Vaults:4)
  2 feature mimics
  A hellwing (Depths:2)
  3 golden dragon simulacra (IceCv)
  An efreet (D:15)
  3 anaconda simulacra (IceCv)
  9 small abominations
  A mermaid (shapeshifter) (Depths:4)
  10 deep elf priests
  7 trolls
  3 baby alligators (Swamp:1)
  An iron devil (Depths:2)
  5 blue devils
  A spriggan (shapeshifter) (Depths:5)
  3 spriggans (Vaults:2)
  A moth of wrath zombie (Zot:2)
  A polar bear (shapeshifter) (Vaults:5)
  10 komodo dragons
  2 polar bears (Elf:1)
  A brown ooze (shapeshifter) (Depths:5)
  A komodo dragon (shapeshifter) (Vaults:1)
  23 two-headed ogres
  A queen bee (shapeshifter) (Depths:1)
  9 bog bodies
  2 boulder beetles (shapeshifter)
  53 slime creatures
  7 giant leeches
  A hydra skeleton (D:16)
  2 basilisks (shapeshifter)
  23 blink frogs
  2 boulder beetles
  A raven (shapeshifter) (Depths:3)
  2 grizzly bears
  3 dire elephant simulacra (IceCv)
  A stone giant simulacrum (Vaults:1)
  21 deep elf magi
  3 wandering mushrooms
  9 basilisks
  A brown ooze (Swamp:1)
  43 yaks
  A snapping turtle (shapeshifter) (Depths:1)
  A tarantella (shapeshifter) (Vaults:5)
  4 redbacks
  3 hippogriffs
  35 vampire mosquitoes
  A water elemental (D:13)
  3 elephant slugs
  2 chaos spawn (Depths:3)
  2 hill giant zombies
  A clay golem (D:16)
  A golden eye (shapeshifter) (Depths:2)
  8 sharks
  A hippogriff (shapeshifter) (Depths:1)
  114 ugly things
  2 wyverns
  A tarantella (Vaults:2)
  A hill giant skeleton (D:14)
  3 necrophages
  3 iron troll simulacra (IceCv)
  3 manticores
  8 wolves
  2 death yak simulacra (IceCv)
  3 steam dragons (Lair:8)
  3 mottled dragons
  28 deep elf fighters
  5 hungry ghosts
  A neqoxec (D:4)
  A soldier ant (shapeshifter) (Vaults:3)
  A trapdoor spider (D:9)
  2 hydra simulacra (IceCv)
  8 porcupines
  35 swamp worms
  13 swamp drakes
  50 orc warriors
  A deep troll skeleton (Vaults:2)
  A hell hound (D:3)
  A black bear (Lair:3)
  A black bear (shapeshifter) (Depths:5)
  A deep dwarf (D:10)
  5 freezing wraiths
  4 sky beasts
  54 ogres
  5 ice beasts
  83 nagas
  A phantom (D:9)
  A dwarf (shapeshifter) (Depths:1)
  An alligator simulacrum (IceCv)
  2 ettin simulacra
  A yellow wasp (D:11)
  15 crocodiles
  2 boring beetles (Lair:8)
  3 tengu (Depths:5)
  2 rotting devils
  4 big kobolds
  48 centaurs
  13 giant goldfish
  A spriggan simulacrum (IceCv)
  2 lost souls (Elf:3)
  Duvessa (Orc:1)
  3 boring beetles (shapeshifter)
  11 giant slugs
  17 giant frogs
  13 wargs
  A wyvern zombie (D:14)
  33 water moccasins
  5 agate snails
  2 cyclops zombies (D:11)
  A big kobold (shapeshifter) (Depths:2)
  28 insubstantial wisps
  An eye of draining (D:12)
  14 killer bees
  2 yak zombies
  A boulder beetle zombie (D:14)
  An elephant simulacrum (IceCv)
  2 troll skeletons
  7 electric eels
  4 wights (D:9)
  A yak skeleton (D:13)
  Dowan (Orc:1)
  12 crimson imps
  4 goliath beetles
  9 jellyfish
  A basilisk zombie (D:14)
  7 hounds
  A naga zombie (D:16)
  6 jellies
  A giant frog zombie (D:6)
  30 orc priests
  32 orc wizards
  A draconian simulacrum (IceCv)
  3 iron imps (Depths:2)
  4 scorpions
  14 big fish
  A giant slug simulacrum (D:16)
  2 basilisk skeletons
  8 iguanas
  A quasit (Depths:2)
  A two-headed ogre skeleton (D:13)
  13 worker ants
  3 troll simulacra (IceCv)
  18 sheep
  2 centaur simulacra (IceCv)
  4 gnoll sergeants
  10 boggarts
  3 mummies
  A gnoll shaman (D:9)
  A worker ant zombie (D:6)
  23 gnolls
  An ogre simulacrum (IceCv)
  2 lemures
  3 white imps (IceCv)
  46 adders
  4 giant centipedes
  3 giant mites
  37 green rats
  5 worms
  A goliath beetle zombie (D:9)
  4 naga simulacra (IceCv)
  8 ufetubi
  11 giant eyeballs
  6 oozes
  184 orcs
  6 ball pythons
  29 bats
  2 bat skeletons (D:4)
  20 hobgoblins
  22 jackals
  26 kobolds
  14 quokkas
  5 giant cockroaches
  A giant cockroach zombie (D:6)
  16 giant geckos
  A giant gecko skeleton (D:6)
  4 giant newts
  2 giant spores
  16 goblins
  2 goblin skeletons (D:4)
  2 illusory rakshasas (Depths:1)
  A kobold skeleton (D:4)
  An orc skeleton (D:7)
  24 rats
  2 ballistomycetes (D:9)
  2 crawling corpses (Elf:3)
  3 fungi
  2 plants
  14 toadstools (WizLab)
2981 creatures vanquished.

Vanquished Creatures (others)
  the Lernaean hydra (Swamp:5)
  A tengu reaver (Vaults:5)
  A fire giant (Depths:1)
  A hydra (Swamp:5)
  An anaconda (Snake:5)
  A naga warrior (Snake:5)
  12 spectral weapons
  3 black mambas (Snake:5)
  A deep elf mage (Vaults:2)
  2 swamp drakes (Swamp:5)
  A big fish (Swamp:5)
  An orc (D:8)
  A rat (D:8)
  63 butterflies
  10 fungi (Lair:8)
  5 plants
  10 toadstools (WizLab)
115 creatures vanquished.

Grand Total: 3096 creatures vanquished

Notes
Turn   | Place    | Note
--------------------------------------------------------------
     0 | D:1      | Sphara, the Kobold Hunter, began the quest for the Orb.
     0 | D:1      | Reached XP level 1. HP: 12/12 MP: 1/1
    20 | D:1      | Reached skill level 5 in Crossbows
   144 | D:1      | Reached XP level 2. HP: 16/16 MP: 2/2
   512 | D:1      | Reached skill level 1 in Short Blades
   579 | D:1      | Reached XP level 3. HP: 20/20 MP: 3/3
  1174 | D:2      | Reached XP level 4. HP: 25/25 MP: 4/4
  1731 | D:2      | Reached skill level 6 in Crossbows
  1869 | D:3      | Noticed an orc warrior
  2131 | D:3      | Reached XP level 5. HP: 29/29 MP: 5/5
  3096 | D:4      | Reached XP level 6. HP: 25/36 MP: 6/6
  3353 | D:4      | Found Lyghudiqoxt's Magical Wand Emporium.
  3356 | D:4      | Bought a wand of lightning (3) for 98 gold pieces
  4278 | D:5      | Entered Level 5 of the Dungeon
  4365 | D:5      | Reached XP level 7. HP: 21/43 MP: 7/7
  4725 | D:5      | Reached skill level 1 in Evocations
  4726 | D:5      | Reached skill level 5 in Short Blades
  4949 | D:5      | Found a staircase to the Ecumenical Temple.
  4957 | Temple   | Entered the Ecumenical Temple
  5002 | Temple   | Became a worshipper of Warmaster Okawaru
  5544 | D:5      | Found a glowing silver altar of Zin.
  5858 | D:6      | Reached XP level 8. HP: 41/48 MP: 12/12
  6052 | D:6      | Reached skill level 7 in Short Blades
  6226 | D:6      | Learned a level 1 spell: Corona
  6229 | D:6      | Learned a level 2 spell: Slow
  6233 | D:6      | Learned a level 3 spell: Inner Flame
  6260 | D:6      | Noticed a troll
  6768 | D:6      | Acquired Okawaru's first power
  6768 | D:6      | Reached skill level 8 in Short Blades
  7065 | D:7      | Reached skill level 5 in Evocations
  7216 | D:7      | Reached skill level 9 in Short Blades
  7216 | D:7      | Reached XP level 9. HP: 49/52 MP: 13/16
  7230 | D:7      | Reached skill level 5 in Dodging
  7843 | D:6      | Reached skill level 10 in Short Blades
  8130 | D:7      | Got a heavily jewelled robe
  8162 | D:6      | Identified the +1 robe "Ziti" {+Inv Stlth-} (You found it on level 7 of the Dungeon)
  9421 | D:8      | Noticed Erolcha
  9436 | D:8      | Killed Erolcha
  9436 | D:8      | Reached skill level 5 in Fighting
  9436 | D:8      | Reached XP level 10. HP: 56/60 MP: 16/21
  9508 | D:8      | Found a staircase to the Lair.
 10067 | D:8      | Noticed a fire drake
 10075 | D:8      | Killed a fire drake
 11513 | D:9      | Found Qiuzuaso's Jewellery Shop.
 11638 | D:9      | Found Mnikkasm's Antique Armour Shop.
 11643 | D:9      | Bought a pair of dazzling boots for 123 gold pieces
 11646 | D:9      | Identified the cursed +0 pair of boots of Grace {Acc+3 Dam+4} (You bought it in a shop on level 9 of the Dungeon)
 11665 | D:9      | Bought a helmet for 47 gold pieces
 11755 | D:9      | Found Ithelita's Antique Armour Boutique.
 11886 | D:9      | Reached XP level 11. HP: 66/66 MP: 23/23
 11960 | D:10     | Entered Level 10 of the Dungeon
 11967 | D:10     | Found a staircase to the Orcish Mines.
 11983 | Orc:1    | Entered Level 1 of the Orcish Mines
 11986 | Orc:1    | Noticed Duvessa
 11996 | Orc:1    | Noticed Dowan
 12058 | Orc:1    | Killed Duvessa
 12077 | Orc:1    | Killed Dowan
 12077 | Orc:1    | Received a gift from Okawaru
 12078 | Orc:1    | Found Kivo's Food Emporium.
 12440 | Orc:2    | Noticed Psyche
 12641 | D:10     | Noticed a hill giant
 12911 | Lair:1   | Entered Level 1 of the Lair of Beasts
 12942 | Lair:1   | Learned a level 1 spell: Infusion
 13084 | Lair:1   | Reached skill level 10 in Crossbows
 13157 | Lair:1   | Reached skill level 10 in Dodging
 14144 | Lair:2   | Reached skill level 11 in Crossbows
 14287 | Lair:2   | Acquired Okawaru's second power
 14305 | Lair:2   | Noticed a six-headed hydra
 14388 | Lair:2   | Learned a level 2 spell: Stoneskin
 14810 | Lair:3   | Reached skill level 12 in Crossbows
 14852 | Lair:3   | Received a gift from Okawaru
 15213 | Lair:3   | Found a hole to the Spider Nest.
 15217 | Lair:3   | the hole to the Spider Nest was a mimic.
 15227 | Lair:3   | Reached XP level 12. HP: 64/71 MP: 24/24
 15559 | Lair:4   | Reached skill level 1 in Armour
 15715 | Lair:4   | Identified the Grimoire of the Compass and Envenoming
 15719 | Lair:4   | Learned a level 2 spell: Portal Projectile
 15897 | Lair:4   | Received a gift from Okawaru
 15904 | Lair:4   | Reached skill level 1 in Spellcasting
 15912 | Lair:4   | Reached skill level 1 in Translocations
 16194 | Lair:5   | Noticed a five-headed hydra
 16204 | Lair:5   | Killed a five-headed hydra
 16204 | Lair:5   | Reached skill level 13 in Crossbows
 16274 | Lair:5   | Learned a level 1 spell: Apportation
 16277 | Lair:5   | Learned a level 2 spell: Swiftness
 16659 | Lair:5   | Received a gift from Okawaru
 16853 | Lair:5   | Found a staircase to the Swamp.
 16973 | Lair:6   | Found a staircase to the Snake Pit.
 17063 | Lair:6   | Reached skill level 14 in Crossbows
 17063 | Lair:6   | Reached XP level 13. HP: 63/76 MP: 22/25
 17143 | Lair:6   | Received a gift from Okawaru
 17855 | Lair:6   | Noticed a four-headed hydra
 17863 | Lair:6   | Killed a four-headed hydra
 18016 | Lair:7   | Received a gift from Okawaru
 18425 | Lair:7   | Reached skill level 15 in Crossbows
 19069 | Lair:8   | Entered Level 8 of the Lair of Beasts
 19106 | Lair:8   | Upgraded the game from 0.14-a0-1765-g49ce880 to 0.14-a0-1773-ge500af7
 19280 | Lair:8   | Received a gift from Okawaru
 19280 | Lair:8   | Reached skill level 5 in Armour
 19280 | Lair:8   | Reached skill level 5 in Translocations
 19457 | Lair:8   | Reached skill level 5 in Spellcasting
 20017 | Lair:8   | Received a gift from Okawaru
 20405 | Lair:8   | Reached XP level 14. HP: 80/80 MP: 26/26
 20408 | Lair:8   | Received a gift from Okawaru
 20605 | Lair:8   | Reached skill level 16 in Crossbows
 20763 | Lair:8   | Got a crude cloak
 20767 | Lair:8   | Identified the +2 cloak of Xom's Favour {rElec Acc+3} (You found it on level 8 of the Lair of Beasts)
 21108 | Lair:8   | Found a glowing golden altar of the Shining One.
 21899 | Lair:8   | Received a gift from Okawaru
 21962 | Lair:8   | Found a viscous altar of Jiyva.
 21964 | Lair:8   | Found a staircase to the Slime Pits.
 22432 | Lair:2   | Killed a six-headed hydra
 22432 | Lair:2   | Reached skill level 1 in Charms
 22650 | D:10     | Noticed a hill giant
 22670 | D:10     | Killed a hill giant
 22790 | D:10     | Noticed a hill giant
 22960 | D:10     | Killed a hill giant
 24116 | D:11     | Got a pair of transparent boots
 24248 | D:11     | Identified the +2 pair of boots "Mnye" {Int+3 Stlth+} (You found it on level 11 of the Dungeon)
 24434 | D:12     | Noticed Fannar
 24448 | D:12     | Killed Fannar
 24633 | D:12     | Paralysed by a giant eyeball for 3 turns
 26717 | D:13     | Reached XP level 15. HP: 81/86 MP: 26/28
 27253 | D:10     | Killed a hill giant
 27460 | D:9      | Bought an uncursed ring of protection from fire for 350 gold pieces
 27464 | D:9      | Bought an uncursed amulet of faith for 420 gold pieces
 27464 | D:9      | Bought an uncursed ring of regeneration for 420 gold pieces
 27592 | D:4      | Bought a wand of digging (11) for 420 gold pieces
 28055 | Orc:2    | Killed Psyche
 28083 | Orc:2    | Received a gift from Okawaru
 28382 | Orc:2    | Found a bloodstained altar of Trog.
 28642 | Orc:3    | Noticed Nergalle
 29114 | Orc:3    | Killed Nergalle
 29287 | Orc:4    | Entered Level 4 of the Orcish Mines
 29287 | Orc:4    | Found a bloodstained altar of Trog.
 29436 | Orc:4    | Received a gift from Okawaru
 29437 | Orc:4    | Got a faintly glowing crossbow {god gift}
 29440 | Orc:4    | Identified the +4,+0 crossbow of the Key {frost, rPois SInv} (Okawaru gifted it to you on level 4 of the Orcish Mines)
 29449 | Orc:4    | Found a staircase to the Elven Halls.
 29482 | Orc:4    | Found a roughly hewn altar of Beogh.
 30041 | Orc:4    | Found Dacim's Antique Armour Shoppe.
 30041 | Orc:4    | Found Jeol's Gadget Shop.
 30046 | Orc:4    | Found Erpheafa's Distillery.
 30048 | Orc:4    | Found Asaptupo's Antique Armour Boutique.
 30071 | Orc:4    | Bought a shiny helmet for 92 gold pieces
 30078 | Orc:4    | Bought a potion of might for 32 gold pieces
 30078 | Orc:4    | Bought a potion of heal wounds for 39 gold pieces
 30081 | Orc:4    | Bought a polished leather armour for 259 gold pieces
 30222 | Orc:4    | Identified the +0 leather armour of Midnight {Int+1 Dam+2} (You bought it in a shop on level 4 of the Orcish Mines)
 30942 | D:14     | Found Cixec's Food Shoppe.
 31052 | D:14     | Found an ancient bone altar of Kikubaaqudgha.
 31152 | D:14     | Received a gift from Okawaru
 31197 | D:14     | Found a gate to the Vaults.
 31240 | D:14     | Received a gift from Okawaru
 31381 | D:14     | Received a gift from Okawaru
 31828 | D:15     | Entered Level 15 of the Dungeon
 31866 | D:15     | Noticed Sonja
 31868 | D:15     | Noticed Sonja
 31868 | D:15     | Sonja changed into Sonja the shapeshifter
 31980 | D:15     | Learned a level 3 spell: Regeneration
 31984 | D:15     | Found Disyiduq's Armour Boutique.
 32120 | D:15     | Reached skill level 1 in Necromancy
 32318 | D:15     | Found Aniliosm's Magic Scroll Boutique.
 32321 | D:15     | Bought a scroll of enchant weapon III for 260 gold pieces
 32321 | D:15     | Bought a scroll of enchant weapon I for 71 gold pieces
 32355 | D:15     | Noticed Nessos
 32379 | D:15     | Killed Nessos
 32906 | Lair:8   | Received a gift from Okawaru
 32912 | Lair:8   | Noticed a fire dragon
 33075 | Lair:8   | Killed a fire dragon
 33340 | Swamp:1  | Entered Level 1 of the Swamp
 33390 | Snake:1  | Entered Level 1 of the Snake Pit
 33710 | Snake:1  | Found Oxkathraj's Magic Scroll Emporium.
 33718 | Snake:1  | Bought a scroll of blinking for 104 gold pieces
 34333 | Snake:2  | Reached XP level 16. HP: 91/96 MP: 29/29
 34423 | Snake:2  | Noticed Louise
 34447 | Snake:2  | Killed Louise
 34552 | Snake:2  | Noticed Donald
 34605 | Snake:2  | Killed Donald
 34836 | Snake:2  | Reached skill level 5 in Charms
 34881 | Snake:2  | Received a gift from Okawaru
 34921 | Snake:2  | Noticed Frances
 34949 | Snake:2  | Killed Frances
 34949 | Snake:2  | Reached skill level 10 in Fighting
 35266 | Snake:2  | Noticed Agnes
 35312 | Snake:3  | Reached skill level 5 in Necromancy
 35625 | Snake:3  | Received a gift from Okawaru
 36613 | Snake:4  | Noticed Lamia
 37322 | D:16     | Entered Level 16 of the Dungeon
 37328 | D:15     | Reached skill level 5 in Stealth
 37417 | D:16     | Found a magical portal.
 37426 | WizLab   | Entered a wizard's laboratory
 37462 | WizLab   | Noticed a thorn hunter
 37496 | WizLab   | Killed a thorn hunter
 37658 | WizLab   | Identified a +5 rod of venom (13/13) (You found it in a wizard's laboratory)
 37676 | WizLab   | Received a gift from Okawaru
 37913 | WizLab   | Found a blossoming altar of Fedhas.
 37913 | WizLab   | Noticed a thorn hunter
 37913 | WizLab   | Noticed a thorn hunter
 37930 | WizLab   | Received a gift from Okawaru
 37933 | WizLab   | Got a warped dagger {god gift}
 37935 | WizLab   | Identified the +3,-1 dagger "Taqexis" {stab, Dex+3} (Okawaru gifted it to you in a wizard's laboratory)
 38754 | D:16     | Reached XP level 17. HP: 86/106 MP: 28/29
 39159 | D:15     | Bought a scroll of recharging for 71 gold pieces
 39492 | D:16     | Reached XP level 18. HP: 98/112 MP: 30/30
 39542 | D:16     | Noticed Urug
 39551 | D:16     | Killed Urug
 39588 | D:16     | Found a glowing silver altar of Zin.
 39977 | D:16     | Found a staircase to the Depths.
 40033 | D:16     | Received a gift from Okawaru
 40176 | Depths:1 | Entered Level 1 of the Depths
 40181 | Depths:1 | Found Roeshod's Antique Weapon Boutique.
 40185 | Depths:1 | Bought a runed quick blade for 420 gold pieces
 40232 | Depths:1 | Noticed Deemzul's ghost (powerful OpFi)
 40277 | Depths:1 | Killed Deemzul's ghost
 40296 | Depths:1 | Noticed mathso's ghost (mighty HEGl)
 40314 | Depths:1 | Noticed mathso's ghost (mighty OgHu)
 40371 | Depths:1 | Killed mathso's ghost
 40371 | Depths:1 | Reached skill level 10 in Stealth
 40695 | Lair:5   | Learned a level 3 spell: Spectral Weapon
 40813 | Swamp:1  | Reached skill level 1 in Hexes
 41217 | Swamp:2  | Noticed Jorgrun
 41273 | Swamp:2  | Killed Jorgrun
 41276 | Swamp:2  | Received a gift from Okawaru
 41373 | Swamp:2  | Reached skill level 5 in Hexes
 41623 | Swamp:2  | Received a gift from Okawaru
 42039 | Swamp:1  | Received a gift from Okawaru
 42610 | Swamp:3  | Noticed Aizul
 42968 | Swamp:3  | Killed Aizul
 43313 | Swamp:3  | Received a gift from Okawaru
 44198 | Swamp:5  | Entered Level 5 of the Swamp
 44210 | Swamp:5  | Received a gift from Okawaru
 44480 | Swamp:5  | Received a gift from Okawaru
 45135 | Swamp:5  | Reached skill level 15 in Dodging
 45268 | Swamp:5  | Reached XP level 19. HP: 119/119 MP: 29/31
 45285 | Swamp:5  | Noticed the 27-headed Lernaean hydra
 45304 | Swamp:5  | Killed the 27-headed Lernaean hydra
 45304 | Swamp:5  | Received a gift from Okawaru
 45388 | Swamp:5  | Received a gift from Okawaru
 45545 | Swamp:5  | Received a gift from Okawaru
 45547 | Swamp:5  | Got a shimmering ring mail {god gift}
 45615 | Swamp:5  | Identified the +1 ring mail of Skabuta {rF++ MR+} (Okawaru gifted it to you on level 5 of the Swamp)
 45667 | Swamp:5  | Got a decaying rune of Zot
 46141 | Swamp:4  | Noticed Roxanne
 46309 | Lair:5   | Learned a level 3 spell: Passwall
 46484 | Snake:2  | Killed Agnes
 46484 | Snake:2  | Reached skill level 1 in Transmutations
 46584 | Snake:3  | Reached skill level 1 in Earth Magic
 46615 | Snake:4  | Reached skill level 1 in Invocations
 47161 | Snake:4  | Killed Lamia
 47674 | Snake:4  | Received a gift from Okawaru
 47764 | Snake:4  | Got a transparent chain mail {god gift}
 47786 | Snake:4  | Identified the -2 chain mail of Refuge {rN+ Dam-2} (Okawaru gifted it to you on level 4 of the Snake Pit)
 47861 | Snake:4  | Got an ancient war axe {distort}
 48331 | Snake:5  | Entered Level 5 of the Snake Pit
 48774 | Snake:5  | Noticed Mara
 48779 | Snake:5  | Noticed Mara
 48779 | Snake:5  | Noticed Mara
 48780 | Snake:5  | Noticed Sphara's illusion
 49256 | Orc:4    | Bought a potion of might for 32 gold pieces
 49309 | Elf:1    | Entered Level 1 of the Elven Halls
 49317 | Elf:1    | Reached skill level 5 in Transmutations
 49400 | Elf:1    | Found a frozen archway.
 49501 | IceCv    | Entered an ice cave
 50191 | IceCv    | Reached skill level 5 in Invocations
 50918 | IceCv    | Reached skill level 5 in Earth Magic
 50996 | IceCv    | Learned a level 2 spell: Call Imp
 51242 | Elf:1    | Found Muenoisa's Book Emporium.
 51248 | Elf:1    | Bought a book of Party Tricks for 750 gold pieces
 51251 | Elf:1    | Learned a level 2 spell: Blink
 51253 | Elf:1    | Learned a level 1 spell: Summon Butterflies
 51329 | Elf:1    | Reached XP level 20. HP: 126/126 MP: 33/33
 51983 | Elf:3    | Entered Level 3 of the Elven Halls
 52215 | Orc:4    | Reached skill level 1 in Summonings
 53271 | Elf:3    | Received a gift from Okawaru
 53857 | Elf:3    | Received a gift from Okawaru
 54381 | Elf:3    | Identified Awinuim's Disquisition on Helpful Snow (You found it on level 3 of the Elven Halls)
 54387 | Elf:3    | Learned a level 4 spell: Control Teleport
 54391 | Elf:3    | Learned a level 3 spell: Flight
 54397 | Elf:3    | Got an encrusted steam dragon armour
 54414 | Elf:3    | Identified Nehy's Reference Book on Self-Knowledge and Calling (You found it on level 3 of the Elven Halls)
 54428 | Elf:3    | Identified the +0 steam dragon armour of the Barracuda {Dex+4 Acc+3} (You found it on level 3 of the Elven Halls)
 54535 | Elf:3    | Identified the Collected Works on the Boosting Oath (You found it on level 3 of the Elven Halls)
 54546 | Elf:3    | Identified a +0 rod of demonology (12/12) (You found it on level 3 of the Elven Halls)
 54562 | Elf:3    | Identified the Collected Works on Protection
 54570 | Elf:3    | Learned a level 6 spell: Haste
 54572 | Elf:3    | Got a scintillating copper ring
 54576 | Elf:3    | Identified the ring of Finality {MP+9 Stlth+} (You found it on level 3 of the Elven Halls)
 54604 | Elf:3    | Got a fine buckler
 54608 | Elf:3    | Identified the cursed -1 buckler "Eduase" {rElec Int-2 SInv} (You found it on level 3 of the Elven Halls)
 54679 | Elf:3    | Found Xamoits' Book Shoppe.
 54986 | Elf:3    | Noticed Snorg
 54999 | Elf:3    | Killed Snorg
 55002 | Elf:3    | Received a gift from Okawaru
 55133 | Elf:3    | Got a shimmering plate armour
 55134 | Elf:3    | Identified the cursed -4 plate armour "Anguiferch" {rC++ Dam+3} (You found it on level 3 of the Elven Halls)
 55586 | Elf:2    | Noticed Wiglaf
 55601 | Elf:2    | Found Qasajinau's Magic Scroll Boutique.
 55626 | Elf:2    | Killed Wiglaf
 55626 | Elf:2    | Received a gift from Okawaru
 55685 | Elf:2    | Bought a scroll of enchant armour for 93 gold pieces
 55690 | Elf:2    | Bought a scroll of enchant weapon II for 93 gold pieces
 55696 | Elf:2    | Bought a scroll of magic mapping for 59 gold pieces
 56041 | Vaults:1 | Entered Level 1 of the Vaults
 56315 | Vaults:1 | Reached skill level 5 in Summonings
 57094 | Vaults:1 | Reached XP level 21. HP: 102/131 MP: 35/35
 57294 | Vaults:1 | Received a gift from Okawaru
 57644 | Vaults:1 | Found a glowing silver altar of Zin.
 57692 | Vaults:1 | Learned a level 2 spell: Stoneskin
 58240 | Vaults:2 | Found a staircase to the Crypt.
 58243 | Vaults:2 | the staircase to the Crypt was a mimic.
 58331 | Vaults:2 | Found a staircase to the Enchanted Forest.
 59358 | Vaults:2 | Reached skill level 17 in Crossbows
 59457 | Vaults:2 | Received a gift from Okawaru
 60095 | Vaults:2 | Noticed Mennas
 60459 | Vaults:2 | Received a gift from Okawaru
 61021 | Vaults:3 | Noticed Frederick
 61150 | Vaults:3 | Killed Frederick
 61655 | D:15     | Bought the +3 crown of Dyrovepreva {Hunger rElec Int+2 SInv} for 889 gold pieces
 61863 | Vaults:3 | Found a staircase to the Hall of Blades.
 61911 | Blade    | Entered the Hall of Blades
 62431 | Vaults:3 | Reached XP level 22. HP: 76/139 MP: 36/36
 62626 | Vaults:3 | Received a gift from Okawaru
 62677 | Vaults:3 | Reached skill level 15 in Fighting
 62707 | Vaults:3 | Upgraded the game from 0.14-a0-1773-ge500af7 to 0.14-a0-1811-gdc2d5af
 63302 | Vaults:4 | Received a gift from Okawaru
 65581 | Depths:1 | Killed mathso's ghost
 65633 | Depths:1 | Got a jasper-encrusted scale mail
 65684 | D:16     | Identified the +2 scale mail of the Journeyman {Dex+2 Int+4 Acc+5} (You found it on level 1 of the Depths)
 65763 | Depths:1 | Received a gift from Okawaru
 65766 | Depths:1 | Got a twisted cloak {god gift}
 65817 | Depths:1 | Found a shimmering altar of Xom.
 65824 | Depths:1 | Identified the +0 cloak of Grace {+Fly} (Okawaru gifted it to you on level 1 of the Depths)
 65871 | Depths:1 | Found a gateway to Hell.
 66986 | Depths:1 | Reached XP level 23. HP: 144/144 MP: 36/36
 67019 | Depths:1 | Noticed a golden dragon
 67052 | Depths:1 | Killed a golden dragon
 67159 | Depths:1 | Reached skill level 10 in Charms
 67893 | Depths:2 | Paralysed by a giant eyeball for 2 turns
 67937 | Depths:2 | Received a gift from Okawaru
 68740 | Depths:2 | Received a gift from Okawaru
 69038 | Depths:2 | Upgraded the game from 0.14-a0-1811-gdc2d5af to 0.14-a0-1817-gb992dfe
 69079 | Depths:2 | Received a gift from Okawaru
 69080 | Depths:2 | Got a fine cutlass {god gift}
 69092 | Depths:2 | Identified the +8,+8 cutlass of Purpose {freeze, rPois rC- SInv} (Okawaru gifted it to you on level 2 of the Depths)
 69203 | Depths:2 | Found a one-way gate leading to the halls of Pandemonium.
 69295 | Depths:2 | Found a viscous altar of Jiyva.
 69450 | Depths:3 | Reached skill level 10 in Earth Magic
 69636 | Depths:3 | Reached skill level 10 in Armour
 69825 | Depths:3 | Noticed Boris
 70360 | Depths:3 | Reached skill level 10 in Necromancy
 70419 | Depths:3 | Reached XP level 24. HP: 147/150 MP: 34/37
 70436 | Depths:3 | Received a gift from Okawaru
 70800 | Depths:3 | Found a one-way gate to the infinite horrors of the Abyss.
 71188 | Depths:3 | Killed Boris
 71188 | Depths:3 | Reached skill level 18 in Dodging
 71630 | Depths:4 | Noticed Margery
 71706 | Depths:4 | Killed Margery
 71776 | Depths:4 | Found a gateway to a ziggurat.
 72243 | Depths:4 | Received a gift from Okawaru
 73713 | Depths:5 | Reached XP level 25. HP: 156/156 MP: 37/37
 74091 | Depths:5 | Received a gift from Okawaru
 74437 | Depths:5 | Received a gift from Okawaru
 74710 | Depths:5 | Got a transparent dagger
 74711 | Depths:5 | Identified the +7,+0 dagger of Shrieking Terror {freeze, +Fly MR++} (You found it on level 5 of the Depths)
 74765 | Depths:5 | Upgraded the game from 0.14-a0-1817-gb992dfe to 0.14-a0-1837-g7fb8695
 74816 | Depths:5 | Reached skill level 19 in Crossbows
 75222 | Depths:6 | Entered Level 6 of the Depths
 75556 | Depths:6 | Found a sparkling altar of Nemelex Xobeh.
 75824 | Depths:6 | Received a gift from Okawaru
 76019 | Depths:6 | Received a gift from Okawaru
 76212 | Depths:6 | Received a gift from Okawaru
 76213 | Depths:6 | Got a dazzling crossbow {god gift}
 76226 | Depths:6 | Reached skill level 20 in Crossbows
 76238 | Depths:6 | Identified the +11,+3 crossbow "Hell-Harrower" {velocity, rN+} (Okawaru gifted it to you on level 6 of the Depths)
 76383 | Depths:6 | Reached XP level 26. HP: 141/167 MP: 38/38
 76677 | Depths:6 | Found a gate to the Realm of Zot.
 77462 | Snake:5  | Noticed Sphara's illusion
 77549 | Snake:5  | Killed Mara
 77781 | Snake:5  | Received a gift from Okawaru
 77804 | Snake:5  | Reached skill level 15 in Stealth
 78131 | Snake:5  | Received a gift from Okawaru
 78154 | Snake:5  | Noticed Rupert
 78164 | Snake:5  | Killed Rupert
 78443 | Snake:5  | Received a gift from Okawaru
 78591 | Snake:5  | Got a serpentine rune of Zot
 78662 | Snake:4  | - HOW BORING CAN A BRANCH END BE..?
 79275 | Vaults:1 | Received a gift from Okawaru
 79303 | Vaults:1 | Got a sapphire crossbow {god gift}
 79306 | Vaults:1 | Identified the +7,+9 crossbow of Egomania {frost, rC+} (Okawaru gifted it to you on level 1 of the Vaults)
 79630 | Vaults:5 | Entered Level 5 of the Vaults
 80137 | Vaults:5 | Received a gift from Okawaru
 80519 | Vaults:5 | Reached XP level 27. HP: 146/175 MP: 29/38
 80651 | Vaults:5 | Received a gift from Okawaru
 80681 | Vaults:5 | Got a silver rune of Zot
 80686 | Vaults:5 | Upgraded the game from 0.14-a0-1837-g7fb8695 to 0.14-a0-1844-g8283a67
 81120 | Vaults:5 | Identified a +4 rod of frigid destruction (11/11) (You took it off a vault guard on level 5 of the Vaults)
 81879 | Vaults:5 | Received a gift from Okawaru
 81951 | Vaults:5 | Identified Xiaxt's Papyrus of Contamination (You found it on level 5 of the Vaults)
 81980 | Vaults:5 | Learned a level 2 spell: Cure Poison
 82811 | Elf:1    | Bought a book of Death for 1050 gold pieces
 82818 | Elf:1    | Learned a level 5 spell: Dispel Undead
 83288 | Zot:1    | Entered Level 1 of the Realm of Zot
 83450 | Zot:1    | Received a gift from Okawaru
 83453 | Zot:1    | Got a pair of heavily runed boots {god gift}
 83478 | Zot:1    | Identified the +2 pair of boots of the Eight Boll Weevils {rF+ Int+4 Dam+4} (Okawaru gifted it to you on level 1 of the Realm of Zot)
 84361 | Zot:1    | Got a faintly humming scale mail
 84363 | Zot:1    | Identified the cursed -1 scale mail of the Dragon {SInv} (You found it on level 1 of the Realm of Zot)
 84495 | Zot:1    | Reached skill level 21 in Dodging
 85072 | Zot:1    | Received a gift from Okawaru
 85075 | Zot:1    | Got a shimmering chain mail {god gift}
 85104 | Zot:1    | Identified the +3 chain mail of Okawaru's Regard {rElec SInv} (Okawaru gifted it to you on level 1 of the Realm of Zot)
 85623 | Zot:2    | Noticed an orb of fire
 85640 | Zot:2    | Killed an orb of fire
 87543 | Zot:3    | Received a gift from Okawaru
 87837 | Zot:4    | Identified Sif Muna's Disquisition on Virous Conjuration (You found it on level 4 of the Realm of Zot)
 88013 | Zot:4    | Noticed an orb of fire
 88022 | Zot:4    | Gained mutation: You occasionally shout uncontrollably. [an orb of fire]
 88027 | Zot:4    | Killed an orb of fire
 88960 | Zot:4    | Reached skill level 22 in Fighting
 89485 | Zot:4    | Noticed an orb of fire
 89505 | Zot:4    | Noticed an orb of fire
 89518 | Zot:4    | Killed an orb of fire
 89713 | Zot:5    | Entered Level 5 of the Realm of Zot
 89795 | Zot:5    | Received a gift from Okawaru
 90181 | Zot:4    | Killed an orb of fire
 90922 | D:14     | Bought a meat ration for 56 gold pieces
 91635 | Zot:3    | Reached skill level 23 in Fighting
 91711 | Zot:3    | Received a gift from Okawaru
 91737 | Zot:3    | Received a gift from Okawaru
 91935 | Zot:3    | Identified a +2 rod of demonology (9/9) (You found it on level 3 of the Realm of Zot)
 91961 | Zot:3    | Got an ancient bronze ring
 92011 | Zot:3    | Identified the ring "Thradoal" {MR Stlth} (You found it on level 3 of the Realm of Zot)
 92041 | Zot:3    | Got an ancient buckler
 92045 | Zot:3    | Identified the +1 buckler "Twiesch" {Int+2 Dam+3} (You found it on level 3 of the Realm of Zot)
 92669 | Zot:5    | Reached skill level 15 in Armour
 92692 | Zot:5    | Received a gift from Okawaru
 92804 | Zot:5    | Received a gift from Okawaru
 92856 | Zot:5    | Noticed an orb of fire
 92869 | Zot:5    | Killed an orb of fire
 92869 | Zot:5    | Reached skill level 24 in Fighting
 93344 | Zot:5    | Received a gift from Okawaru
 93381 | Zot:5    | Got a smelly mottled dragon armour {god gift}
 93382 | Zot:5    | Identified the +6 mottled dragon armour of Indomitability {rF+} (Okawaru gifted it to you on level 5 of the Realm of Zot)
 93411 | Zot:5    | Noticed an orb of fire
 93422 | Zot:5    | Killed an orb of fire
 93428 | Zot:5    | Noticed an ancient lich
 93460 | Zot:5    | Killed an ancient lich
 93502 | Zot:5    | Got the Orb of Zot
 93960 | D:9      | Noticed Notsips the pandemonium lord
 94103 | D:3      | Killed an orc warrior
 94133 | D:2      | Noticed Loas the pandemonium lord
 94150 | D:2      | Gained mutation: Your vision is a little blurry. [mutagenic glow]
 94189 | D:$      | Escaped with the Orb!

Action                   |  1- 3 |  4- 6 |  7- 9 | 10-12 | 13-15 | 16-18 | 19-21 | 22-24 | 25-27 || total
-------------------------+-------+-------+-------+-------+-------+-------+-------+-------+-------++-------
Melee: Short sword       |    41 |   279 |   686 |   803 |  2032 |   872 |   265 |   169 |    41 ||  5188
       Dagger            |       |       |       |   300 |       |       |       |       |     2 ||   302
       Quick blade       |       |       |       |       |    85 |    57 |       |       |    78 ||   220
       Crossbow          |       |       |       |       |       |       |     1 |       |       ||     1
       Rod               |       |       |       |       |       |       |       |     1 |       ||     1
       Cutlass           |       |       |       |       |       |       |       |    17 |     9 ||    26
 Fire: Crossbow          |    23 |    62 |    49 |   159 |   848 |   881 |  1985 |  1514 |  3182 ||  8703
       Blowgun           |       |       |    35 |    18 |    45 |       |       |       |       ||    98
Throw: Stone             |     5 |    11 |    26 |    17 |    15 |       |       |       |       ||    74
 Cast: Apportation       |       |       |       |       |     7 |    14 |    31 |    60 |    61 ||   173
       Portal Projectile |       |       |       |       |    18 |    12 |    47 |    49 |    77 ||   203
       Regeneration      |       |       |       |       |       |    11 |    56 |    79 |   139 ||   285
       Spectral Weapon   |       |       |       |       |       |    26 |    12 |     9 |     3 ||    50
       Infusion          |       |       |       |       |       |     1 |       |     1 |       ||     2
       Summon Butterflie |       |       |       |       |       |       |    27 |     4 |     8 ||    39
       Blink             |       |       |       |       |       |       |    39 |    22 |    28 ||    89
       Swiftness         |       |       |       |       |       |       |     1 |       |       ||     1
       Control Teleport  |       |       |       |       |       |       |     8 |    10 |    14 ||    32
       Stoneskin         |       |       |       |       |       |       |     6 |    54 |    89 ||   149
       Passwall          |       |       |       |       |       |       |       |    12 |     9 ||    21
       Slow              |       |       |       |       |       |       |       |     1 |       ||     1
       Haste             |       |       |       |       |       |       |       |     2 |    19 ||    21
       Dispel Undead     |       |       |       |       |       |       |       |       |    77 ||    77
       Cure Poison       |       |       |       |       |       |       |       |       |    18 ||    18
Invok: Heroism           |       |       |    12 |    23 |    41 |    19 |    12 |    11 |    34 ||   152
       Finesse           |       |       |       |       |       |     1 |     1 |       |       ||     2
 Abil: Evoke Berserk Rag |       |       |     2 |       |       |       |       |       |       ||     2
       Evoke Invisibilit |       |       |     1 |     4 |     1 |     1 |       |       |       ||     7
       Turn Visible      |       |       |       |     2 |       |     1 |       |       |       ||     3
Evoke: Wand              |       |       |    10 |    13 |    39 |    16 |    17 |    17 |    13 ||   125
       Rod               |       |       |       |       |       |     5 |    25 |    80 |    85 ||   195
  Use: Scroll            |     1 |    10 |    11 |    13 |    23 |    22 |    27 |    12 |    24 ||   143
       Potion            |       |       |     2 |     2 |     9 |    18 |     6 |     2 |    14 ||    53
 Stab: Sleeping          |     3 |     5 |     3 |    12 |    11 |    10 |     3 |    44 |    51 ||   142
       Distracted        |       |     1 |       |     2 |     2 |     5 |     5 |     2 |     1 ||    18
       Invisible         |       |       |     2 |     7 |       |     1 |       |     1 |       ||    11
